[ AOE2 MATCH · #468812202 ]
UnrankedTeutons vs Franks
[ REPLAY ANALYSIS · EXTRACTED FROM THE RECORDED GAME ]
Feudal
11:43
Castle
20:01
Imperial
36:36
| APM avg | 18.1 |
| APM peak | 43 |
| eAPM avg | 12.6 |
| Villagers / military | 138 / 50 |
Focus
⚔️ 13.1% · 🌾 86.9%
Teutonic Knight ×30 · Knight ×18 · Demolition Raft ×2
Feudal
14:25
Castle
19:36
Imperial
32:19
| APM avg | 21.7 |
| APM peak | 41 |
| eAPM avg | 14.7 |
| Villagers / military | 132 / 121 |
Focus
⚔️ 21.3% · 🌾 78.7%
Knight ×80 · Skirmisher ×30 · Trade Cart ×23 · Bombard Cannon ×5 · Petard ×3 · Trebuchet (Packed) ×3
Feudal
12:10
Castle
17:45
Imperial
31:31
| APM avg | 23.5 |
| APM peak | 44 |
| eAPM avg | 15.6 |
| Villagers / military | 178 / 63 |
Focus
⚔️ 20.7% · 🌾 79.3%
Unknown (882) ×43 · Genoese Crossbowman ×43 · Hand Cannoneer ×19 · Fishing Ship ×11 · Trebuchet (Packed) ×1
Feudal
13:31
Castle
17:06
Imperial
33:07
| APM avg | 28.9 |
| APM peak | 59 |
| eAPM avg | 19.4 |
| Villagers / military | 130 / 2 |
Focus
⚔️ 27.2% · 🌾 72.8%
Unknown (1949) ×93 · Fishing Ship ×14 · Trade Cart ×13 · Unknown (1942) ×12 · Monk ×1 · Demolition Raft ×1
Feudal
12:35
Castle
16:13
Imperial
30:16
| APM avg | 29.1 |
| APM peak | 62 |
| eAPM avg | 18.9 |
| Villagers / military | 159 / 426 |
Focus
⚔️ 26.0% · 🌾 74.0%
Huskarl ×419 · Trade Cart ×15 · Trebuchet (Packed) ×4 · Battering Ram ×2 · Monk ×1
Feudal
—
Castle
—
Imperial
—
| APM avg | 32.2 |
| APM peak | 66 |
| eAPM avg | 21.2 |
| Villagers / military | 214 / 143 |
Focus
⚔️ 20.4% · 🌾 79.6%
Spearman ×105 · Skirmisher ×30 · Fishing Ship ×9 · Bombard Cannon ×5 · Mangonel ×2 · Monk ×1
Feudal
11:15
Castle
15:16
Imperial
29:30
| APM avg | 26.6 |
| APM peak | 69 |
| eAPM avg | 15.7 |
| Villagers / military | 179 / 310 |
Focus
⚔️ 23.4% · 🌾 76.6%
Hand Cannoneer ×281 · Fishing Ship ×18 · Genoese Crossbowman ×15 · Bombard Cannon ×12 · Monk ×2
Feudal
13:14
Castle
24:33
Imperial
37:42
| APM avg | 26.7 |
| APM peak | 86 |
| eAPM avg | 16.4 |
| Villagers / military | 82 / 51 |
Focus
⚔️ 20.3% · 🌾 79.7%
Camel Archer ×45 · Fishing Ship ×5 · Militia ×2 · Spearman ×2 · Trade Cart ×2 · Scout Cavalry ×1
Match map
Initial resources + every placement click. Lines = walls · curves = elevation contours. ◆ gold · ⬟ stone · ● berries · ✦ relic · ◌ wall gap
Your base· Open — opponent sealed themselves in
PUHERCULES's base· ✓ Closed at 19:36 · 31t walls · 2 gate(s)
Eloy's base· ✓ Closed at 17:45 · 54t walls · fragile
|CidCampeador|'s base· ✓ Closed at 17:06 · 0t walls · fragile
SMashing_Basil's base· ✓ Closed at 16:13 · 24t walls · fragile
devilhunter2759's base· Open — opponent sealed themselves in
Gorkhali's base· Open — opponent sealed themselves in
I'mNotRookie's base· ✓ Closed at 24:33 · 61t walls · 2 gate(s)
Smoothed initial terrain · ◌ = detected wall gap · hover for details
Inputs per minute
— John - - PUHERCULES
Build order — John
First 150 of 295 actions detected
| 0:05 | Create | Villager (Male) |
| 0:05 | Create | Villager (Male) |
| 0:07 | Build | House |
| 0:09 | Build | House |
| 0:43 | Create | Villager (Male) |
| 1:11 | Create | Villager (Male) |
| 1:41 | Create | Villager (Male) |
| 1:57 | Build | Lumber Camp |
| 1:59 | Create | Villager (Male) |
| 2:37 | Create | Villager (Male) |
| 3:11 | Create | Villager (Male) |
| 3:50 | Create | Villager (Male) |
| 3:50 | Create | Villager (Male) |
| 4:06 | Build | Mill |
| 4:08 | Create | Villager (Male) |
| 4:36 | Create | Villager (Male) |
| 4:58 | Build | House |
| 5:09 | Create | Villager (Male) |
| 5:10 | Create | Villager (Male) |
| 5:15 | Create | Villager (Male) |
| 5:15 | Create | Villager (Male) |
| 5:45 | Create | Villager (Male) |
| 5:51 | Create | Villager (Male) |
| 6:16 | Build | Lumber Camp |
| 6:18 | Create | Villager (Male) |
| 6:44 | Build | House |
| 6:49 | Create | Villager (Male) |
| 7:27 | Create | Villager (Male) |
| 7:48 | Build | Palisade Wall |
| 7:53 | Create | Villager (Male) |
| 9:33 | Research | Feudal Age |
| 11:38 | Create | Villager (Male) |
| 11:39 | Create | Villager (Male) |
| 11:43 | Age | Feudal Age |
| 11:47 | Create | Villager (Male) |
| 11:48 | Create | Villager (Male) |
| 12:09 | Create | Villager (Male) |
| 12:19 | Build | Mining Camp |
| 12:21 | Create | Villager (Male) |
| 13:15 | Build | Market |
| 13:20 | Build | Blacksmith |
| 13:48 | Create | Villager (Male) |
| 14:07 | Build | Farm |
| 14:08 | Build | Farm |
| 14:09 | Build | Farm |
| 14:11 | Create | Villager (Male) |
| 14:23 | Build | House |
| 14:39 | Build | Lumber Camp |
| 14:41 | Create | Villager (Male) |
| 14:45 | Build | House |
| 15:20 | Build | Farm |
| 15:21 | Create | Villager (Male) |
| 15:29 | Build | Farm |
| 15:47 | Build | Mill |
| 16:15 | Build | Farm |
| 16:19 | Build | Farm |
| 16:22 | Build | Farm |
| 16:23 | Create | Villager (Male) |
| 16:23 | Create | Villager (Male) |
| 16:40 | Build | House |
| 16:44 | Build | Farm |
| 16:51 | Build | Farm |
| 16:55 | Create | Villager (Male) |
| 17:20 | Research | Castle Age |
| 17:22 | Create | Villager (Male) |
| 17:23 | Create | Villager (Male) |
| 18:04 | Build | Mining Camp |
| 18:12 | Research | Horse Collar |
| 18:17 | Build | Farm |
| 18:21 | Build | Farm |
| 18:22 | Build | Farm |
| 18:23 | Build | Farm |
| 18:24 | Build | Farm |
| 18:47 | Create | Villager (Male) |
| 20:01 | Age | Castle Age |
| 20:05 | Build | Town Center |
| 20:16 | Create | Villager (Male) |
| 20:57 | Build | Town Center |
| 21:15 | Research | Double-Bit Axe |
| 21:17 | Create | Villager (Male) |
| 21:25 | Create | Villager (Male) |
| 21:29 | Create | Villager (Male) |
| 21:30 | Create | Villager (Male) |
| 21:30 | Create | Villager (Male) |
| 21:30 | Create | Villager (Male) |
| 21:31 | Create | Villager (Male) |
| 21:55 | Create | Villager (Male) |
| 22:00 | Create | Villager (Male) |
| 22:07 | Create | Villager (Male) |
| 22:21 | Build | Town Center |
| 22:26 | Create | Villager (Male) |
| 22:27 | Create | Villager (Male) |
| 22:34 | Build | Farm |
| 22:34 | Create | Villager (Male) |
| 22:38 | Create | Villager (Male) |
| 22:41 | Create | Villager (Male) |
| 22:43 | Create | Villager (Male) |
| 22:56 | Build | Lumber Camp |
| 23:00 | Build | Farm |
| 23:01 | Create | Villager (Male) |
| 23:02 | Create | Villager (Male) |
| 23:23 | Create | Villager (Male) |
| 23:30 | Research | Stone Mining |
| 23:36 | Build | Farm |
| 23:39 | Build | Farm |
| 23:39 | Create | Villager (Male) |
| 23:46 | Create | Villager (Male) |
| 23:57 | Create | Villager (Male) |
| 23:57 | Create | Villager (Male) |
| 23:58 | Create | Villager (Male) |
| 23:58 | Create | Villager (Male) |
| 23:58 | Create | Villager (Male) |
| 23:59 | Create | Villager (Male) |
| 24:05 | Build | House |
| 24:21 | Build | Dock |
| 24:25 | Create | Villager (Male) |
| 24:25 | Create | Villager (Male) |
| 24:31 | Create | Villager (Male) |
| 24:31 | Create | Villager (Male) |
| 24:31 | Create | Villager (Male) |
| 24:36 | Create | Villager (Male) |
| 24:46 | Create | Demolition Raft |
| 24:46 | Create | Demolition Raft |
| 24:59 | Build | House |
| 25:14 | Create | Villager (Male) |
| 25:14 | Create | Villager (Male) |
| 25:15 | Create | Villager (Male) |
| 25:21 | Build | House |
| 25:22 | Build | House |
| 25:24 | Create | Villager (Male) |
| 25:25 | Create | Villager (Male) |
| 25:27 | Create | Villager (Male) |
| 25:30 | Create | Villager (Male) |
| 25:42 | Build | Town Center |
| 25:48 | Build | House |
| 25:54 | Create | Villager (Male) |
| 25:55 | Create | Villager (Male) |
| 25:59 | Create | Villager (Male) |
| 26:01 | Create | Villager (Male) |
| 26:07 | Create | Villager (Male) |
| 26:07 | Create | Villager (Male) |
| 26:15 | Build | Farm |
| 26:28 | Build | Gate |
| 26:32 | Build | Stone Wall |
| 26:39 | Build | Farm |
| 26:39 | Create | Villager (Male) |
| 26:41 | Create | Villager (Male) |
| 26:42 | Create | Villager (Male) |
| 26:43 | Create | Villager (Male) |
| 26:50 | Create | Villager (Male) |
Build order — PUHERCULES
First 150 of 278 actions detected
| 0:06 | Build | House |
| 0:07 | Build | House |
| 0:09 | Research | Loom |
| 0:09 | Create | Villager (Male) ×4 |
| 0:20 | Build | Palisade Wall |
| 1:21 | Build | Palisade Wall |
| 1:55 | Build | House |
| 2:10 | Create | Villager (Male) |
| 2:11 | Create | Villager (Male) |
| 2:56 | Create | Villager (Male) |
| 3:19 | Create | Villager (Male) |
| 3:43 | Build | Lumber Camp |
| 3:52 | Create | Villager (Male) |
| 3:52 | Create | Villager (Male) |
| 4:11 | Create | Villager (Male) |
| 4:11 | Create | Villager (Male) |
| 4:11 | Create | Villager (Male) |
| 4:33 | Create | Villager (Male) |
| 5:13 | Create | Villager (Male) |
| 5:23 | Build | House |
| 5:29 | Create | Villager (Male) |
| 5:42 | Create | Villager (Male) |
| 6:05 | Build | House |
| 6:16 | Create | Villager (Male) ×2 |
| 7:05 | Build | Mill |
| 7:40 | Create | Villager (Male) ×3 |
| 8:11 | Build | House |
| 8:14 | Build | House |
| 8:17 | Build | House |
| 8:46 | Create | Villager (Male) ×5 |
| 8:51 | Build | House |
| 8:52 | Build | House |
| 9:00 | Build | House |
| 9:02 | Build | House |
| 9:31 | Build | Mining Camp |
| 10:19 | Build | Mining Camp |
| 10:36 | Create | Villager (Male) |
| 10:37 | Create | Villager (Male) |
| 10:37 | Create | Villager (Male) |
| 11:52 | Research | Feudal Age |
| 14:05 | Create | Villager (Male) ×5 |
| 14:06 | Create | Villager (Male) |
| 14:18 | Build | Lumber Camp |
| 14:25 | Age | Feudal Age |
| 14:33 | Build | Market |
| 14:35 | Build | Market |
| 14:46 | Build | Stone Wall |
| 14:52 | Build | Gate |
| 14:57 | Build | Gate |
| 15:16 | Research | Double-Bit Axe |
| 15:30 | Build | Blacksmith |
| 16:09 | Research | Castle Age |
| 16:28 | Build | Outpost |
| 17:52 | Build | Farm |
| 17:55 | Build | Farm |
| 17:56 | Build | Farm |
| 17:58 | Build | Farm |
| 17:59 | Build | Farm |
| 18:00 | Build | Farm |
| 18:02 | Build | Farm |
| 18:03 | Build | Farm |
| 18:47 | Create | Villager (Male) ×5 |
| 18:54 | Build | Farm |
| 18:56 | Build | Farm |
| 18:57 | Build | Farm |
| 18:58 | Build | Farm |
| 18:59 | Build | Farm |
| 19:36 | Age | Castle Age |
| 19:36 | Research | Bow Saw |
| 19:37 | Research | Bow Saw |
| 19:46 | Build | Town Center |
| 20:12 | Build | Castle |
| 20:25 | Build | Farm |
| 20:26 | Build | Farm |
| 20:27 | Build | Farm |
| 20:29 | Build | Farm |
| 20:30 | Build | Farm |
| 21:00 | Build | Town Center |
| 21:06 | Create | Villager (Male) ×5 |
| 21:30 | Build | Barracks |
| 21:35 | Create | Villager (Male) ×4 |
| 21:43 | Build | Mill |
| 21:54 | Build | Mining Camp |
| 22:22 | Build | Farm |
| 22:23 | Build | Farm |
| 22:25 | Build | Farm |
| 22:26 | Build | Farm |
| 22:27 | Build | Farm |
| 22:32 | Create | Villager (Male) ×5 |
| 23:05 | Build | Town Center |
| 23:11 | Create | Villager (Male) |
| 23:11 | Create | Villager (Male) |
| 23:14 | Create | Villager (Male) |
| 23:14 | Create | Villager (Male) |
| 23:14 | Create | Villager (Male) |
| 23:32 | Build | Farm |
| 23:33 | Build | Farm |
| 23:35 | Build | Farm |
| 23:36 | Build | Farm |
| 23:45 | Build | Farm |
| 23:58 | Create | Villager (Male) ×5 |
| 24:02 | Create | Villager (Male) |
| 24:03 | Create | Villager (Male) |
| 24:03 | Create | Villager (Male) |
| 24:03 | Create | Villager (Male) |
| 24:16 | Build | Farm |
| 24:17 | Build | Farm |
| 24:18 | Build | Farm |
| 24:19 | Build | Farm |
| 24:21 | Build | Farm |
| 24:24 | Create | Villager (Male) |
| 24:27 | Create | Villager (Male) |
| 24:28 | Create | Villager (Male) |
| 24:28 | Create | Villager (Male) |
| 24:33 | Create | Villager (Male) |
| 24:33 | Create | Villager (Male) |
| 24:47 | Build | Archery Range |
| 24:57 | Build | Mining Camp |
| 25:01 | Create | Villager (Male) |
| 25:01 | Create | Villager (Male) |
| 25:04 | Create | Villager (Male) |
| 25:04 | Create | Villager (Male) |
| 25:11 | Create | Villager (Male) |
| 25:11 | Create | Villager (Male) |
| 25:12 | Create | Villager (Male) |
| 25:34 | Build | Blacksmith |
| 25:43 | Build | House |
| 25:44 | Build | House |
| 25:45 | Build | House |
| 25:47 | Build | House |
| 25:48 | Build | House |
| 25:49 | Build | House |
| 25:51 | Build | House |
| 25:52 | Build | House |
| 26:01 | Research | Wheelbarrow |
| 26:03 | Create | Villager (Male) |
| 26:03 | Create | Villager (Male) |
| 26:04 | Create | Villager (Male) |
| 26:07 | Create | Villager (Male) |
| 26:08 | Create | Villager (Male) |
| 26:08 | Create | Villager (Male) |
| 26:08 | Create | Villager (Male) |
| 26:14 | Build | Lumber Camp |
| 26:20 | Build | Lumber Camp |
| 26:25 | Create | Villager (Male) ×4 |
| 26:40 | Build | Farm |
| 26:41 | Build | Farm |
| 26:42 | Build | Farm |
| 26:43 | Build | Farm |
| 26:48 | Build | Farm |
Build order — Eloy
First 150 of 430 actions detected
| 0:01 | Create | Villager (Male) |
| 0:02 | Create | Villager (Male) |
| 0:03 | Build | House |
| 0:05 | Build | House |
| 0:14 | Create | Villager (Male) |
| 0:14 | Create | Villager (Male) |
| 0:15 | Create | Villager (Male) |
| 0:44 | Research | Loom |
| 1:28 | Create | Villager (Male) |
| 1:28 | Create | Villager (Male) |
| 1:59 | Build | Palisade Wall |
| 2:00 | Create | Villager (Male) |
| 2:00 | Create | Villager (Male) |
| 2:35 | Build | Palisade Wall |
| 2:37 | Create | Villager (Male) |
| 2:57 | Create | Villager (Male) |
| 3:05 | Create | Villager (Male) |
| 3:30 | Build | House |
| 3:45 | Build | Palisade Wall |
| 3:48 | Create | Villager (Male) |
| 4:08 | Build | Lumber Camp |
| 4:10 | Create | Villager (Male) |
| 5:10 | Create | Villager (Male) |
| 5:10 | Create | Villager (Male) |
| 5:18 | Create | Villager (Male) |
| 5:37 | Build | Palisade Wall |
| 5:59 | Build | House |
| 6:18 | Create | Villager (Male) |
| 6:37 | Build | Palisade Wall |
| 6:40 | Create | Villager (Male) |
| 6:48 | Create | Villager (Male) |
| 7:01 | Build | Dock |
| 7:39 | Build | Mining Camp |
| 7:50 | Build | House |
| 7:54 | Create | Villager (Male) |
| 7:57 | Create | Villager (Male) |
| 8:27 | Create | Villager (Male) |
| 8:30 | Create | Fishing Ship |
| 8:53 | Build | Mill |
| 9:08 | Create | Villager (Male) |
| 9:35 | Create | Villager (Male) |
| 9:39 | Build | House |
| 9:56 | Research | Feudal Age |
| 10:09 | Create | Fishing Ship |
| 10:52 | Create | Fishing Ship |
| 11:19 | Create | Villager (Male) |
| 12:00 | Create | Villager (Male) |
| 12:10 | Age | Feudal Age |
| 12:16 | Create | Villager (Male) |
| 12:35 | Build | Mill |
| 12:38 | Create | Villager (Male) |
| 12:43 | Build | Market |
| 12:54 | Create | Villager (Male) |
| 13:06 | Build | Market |
| 13:06 | Create | Villager (Male) |
| 13:15 | Create | Villager (Male) |
| 13:19 | Create | Villager (Male) |
| 13:29 | Build | House |
| 13:33 | Create | Villager (Male) |
| 13:52 | Create | Villager (Male) |
| 13:59 | Create | Fishing Ship |
| 14:03 | Create | Villager (Male) |
| 14:07 | Create | Fishing Ship |
| 14:24 | Build | Blacksmith |
| 14:56 | Research | Castle Age |
| 15:02 | Build | Mining Camp |
| 15:16 | Research | Horse Collar |
| 15:18 | Research | Double-Bit Axe |
| 15:21 | Create | Fishing Ship |
| 15:49 | Research | Stone Mining |
| 16:02 | Research | Wheelbarrow |
| 16:16 | Create | Fishing Ship |
| 16:43 | Build | House |
| 16:50 | Build | House |
| 16:57 | Research | Tech 906 |
| 17:23 | Research | Gold Mining |
| 17:39 | Build | Fish Trap |
| 17:45 | Age | Castle Age |
| 17:46 | Create | Villager (Male) |
| 17:47 | Create | Villager (Male) |
| 17:56 | Build | Town Center |
| 18:05 | Build | Town Center |
| 18:07 | Create | Villager (Male) |
| 18:25 | Create | Villager (Male) |
| 18:30 | Research | Bow Saw |
| 19:04 | Build | Fish Trap |
| 19:11 | Create | Villager (Male) |
| 19:11 | Create | Villager (Male) |
| 19:12 | Create | Villager (Male) |
| 19:46 | Create | Villager (Male) |
| 19:51 | Build | Fish Trap |
| 19:55 | Build | Fish Trap |
| 19:57 | Build | Fish Trap |
| 20:08 | Build | Fish Trap |
| 20:17 | Create | Villager (Male) |
| 20:17 | Create | Villager (Male) |
| 20:17 | Create | Villager (Male) |
| 20:18 | Create | Villager (Male) |
| 20:18 | Create | Villager (Male) |
| 20:18 | Create | Villager (Male) |
| 20:18 | Create | Villager (Male) |
| 20:24 | Build | Fish Trap |
| 20:50 | Build | Town Center |
| 21:02 | Create | Villager (Male) |
| 21:05 | Create | Villager (Male) |
| 21:22 | Build | Castle |
| 21:24 | Build | Mining Camp |
| 21:33 | Create | Fishing Ship |
| 21:53 | Research | Heavy Plow |
| 21:56 | Create | Fishing Ship |
| 22:04 | Build | Farm |
| 22:04 | Build | Farm |
| 22:04 | Build | Farm |
| 22:04 | Build | Farm |
| 22:05 | Build | Farm |
| 22:20 | Build | Fish Trap |
| 22:22 | Create | Fishing Ship |
| 22:25 | Create | Villager (Male) |
| 22:27 | Create | Villager (Male) |
| 22:46 | Build | Stone Wall |
| 22:49 | Create | Genoese Crossbowman |
| 22:51 | Create | Genoese Crossbowman |
| 22:53 | Create | Villager (Male) |
| 22:54 | Create | Villager (Male) |
| 22:59 | Build | Fish Trap |
| 23:07 | Build | Farm |
| 23:07 | Build | Farm |
| 23:08 | Build | Farm |
| 23:08 | Build | Farm |
| 23:08 | Build | Farm |
| 23:12 | Create | Genoese Crossbowman |
| 23:17 | Create | Villager (Male) |
| 23:17 | Create | Villager (Male) |
| 23:17 | Create | Villager (Male) |
| 23:18 | Create | Villager (Male) |
| 23:38 | Build | Farm |
| 23:38 | Build | Farm |
| 23:38 | Build | Farm |
| 23:45 | Build | Fish Trap |
| 23:49 | Build | Farm |
| 23:52 | Create | Villager (Male) |
| 23:52 | Create | Villager (Male) |
| 23:52 | Create | Villager (Male) |
| 23:56 | Create | Villager (Male) |
| 24:14 | Build | Town Center |
| 24:15 | Create | Villager (Male) |
| 24:15 | Create | Villager (Male) |
| 24:15 | Create | Villager (Male) |
| 24:18 | Create | Fishing Ship |
| 24:23 | Create | Villager (Male) |
Build order — |CidCampeador|
First 150 of 461 actions detected
| 0:00 | Create | Villager (Male) |
| 0:03 | Build | House |
| 0:05 | Build | House |
| 0:25 | Create | Villager (Male) ×3 |
| 0:25 | Create | Villager (Male) ×3 |
| 1:27 | Create | Villager (Male) |
| 1:27 | Create | Villager (Male) |
| 2:00 | Create | Villager (Male) |
| 2:00 | Create | Villager (Male) |
| 2:07 | Build | Lumber Camp |
| 2:24 | Create | Villager (Male) |
| 2:25 | Create | Villager (Male) |
| 2:55 | Create | Villager (Male) |
| 2:56 | Create | Villager (Male) |
| 2:56 | Create | Villager (Male) |
| 3:40 | Create | Villager (Male) |
| 3:40 | Create | Villager (Male) |
| 3:53 | Build | House |
| 3:54 | Build | House |
| 3:56 | Build | House |
| 4:08 | Create | Villager (Male) |
| 4:08 | Create | Villager (Male) |
| 4:39 | Create | Villager (Male) |
| 4:40 | Create | Villager (Male) |
| 4:40 | Create | Villager (Male) |
| 4:40 | Create | Villager (Male) |
| 5:31 | Create | Villager (Male) |
| 5:31 | Create | Villager (Male) |
| 5:31 | Create | Villager (Male) |
| 5:31 | Create | Villager (Male) |
| 5:31 | Create | Villager (Male) |
| 5:39 | Build | Dock |
| 5:58 | Create | Villager (Male) |
| 5:58 | Create | Villager (Male) |
| 5:58 | Create | Villager (Male) |
| 6:25 | Create | Fishing Ship |
| 6:34 | Create | Villager (Male) |
| 7:00 | Research | Loom |
| 7:01 | Create | Villager (Male) |
| 7:22 | Create | Villager (Male) |
| 7:33 | Build | Mill |
| 7:39 | Create | Villager (Male) |
| 8:03 | Create | Villager (Male) |
| 8:15 | Create | Villager (Male) |
| 8:18 | Create | Fishing Ship |
| 8:25 | Build | House |
| 8:33 | Create | Villager (Male) |
| 9:03 | Create | Villager (Male) |
| 9:49 | Build | Mining Camp |
| 10:07 | Create | Villager (Male) |
| 10:11 | Create | Fishing Ship |
| 10:43 | Create | Villager (Male) |
| 10:59 | Research | Feudal Age |
| 11:30 | Build | Mining Camp |
| 11:43 | Create | Villager (Male) |
| 11:43 | Create | Villager (Male) |
| 13:13 | Build | Farm |
| 13:14 | Build | Farm |
| 13:16 | Build | Farm |
| 13:31 | Age | Feudal Age |
| 13:35 | Build | Market |
| 13:39 | Build | Blacksmith |
| 13:44 | Research | Double-Bit Axe |
| 13:59 | Build | Farm |
| 14:13 | Build | Farm |
| 14:26 | Research | Castle Age |
| 14:26 | Research | Castle Age |
| 14:26 | Research | Castle Age |
| 14:36 | Build | Dock |
| 14:38 | Research | Tech 906 |
| 14:42 | Create | Fishing Ship |
| 14:58 | Research | Horse Collar |
| 14:58 | Research | Horse Collar |
| 15:09 | Build | House |
| 15:13 | Build | House |
| 15:20 | Create | Villager (Male) |
| 15:36 | Build | Farm |
| 15:40 | Build | Farm |
| 15:53 | Build | House |
| 16:01 | Research | Gold Mining |
| 16:05 | Create | Villager (Male) |
| 17:06 | Age | Castle Age |
| 17:19 | Build | Town Center |
| 17:28 | Build | Fish Trap |
| 17:40 | Create | Villager (Male) |
| 17:43 | Create | Villager (Male) |
| 17:54 | Build | Fish Trap |
| 17:58 | Build | Fish Trap |
| 18:01 | Build | Fish Trap |
| 18:06 | Create | Villager (Male) |
| 18:26 | Build | Monastery |
| 18:31 | Create | Villager (Male) |
| 18:39 | Create | Fishing Ship |
| 19:06 | Create | Villager (Male) |
| 19:11 | Create | Monk |
| 19:17 | Build | House |
| 19:18 | Build | House |
| 19:27 | Build | Fish Trap |
| 19:30 | Research | Gillnets |
| 19:33 | Research | Bow Saw |
| 19:35 | Create | Villager (Male) |
| 19:36 | Create | Villager (Male) |
| 19:38 | Create | Villager (Male) |
| 19:43 | Create | Villager (Male) |
| 19:47 | Create | Villager (Male) |
| 20:18 | Build | House |
| 20:20 | Build | House |
| 20:37 | Create | Villager (Male) |
| 20:37 | Create | Villager (Male) |
| 20:45 | Create | Fishing Ship |
| 20:45 | Create | Fishing Ship |
| 20:45 | Create | Fishing Ship |
| 20:53 | Build | Farm |
| 20:54 | Build | Farm |
| 21:01 | Build | Farm |
| 21:03 | Create | Villager (Male) |
| 21:03 | Create | Villager (Male) |
| 21:11 | Build | Town Center |
| 21:18 | Research | Heavy Plow |
| 21:19 | Create | Villager (Male) |
| 21:20 | Create | Villager (Male) |
| 21:20 | Create | Villager (Male) |
| 21:20 | Create | Villager (Male) |
| 21:21 | Research | Wheelbarrow |
| 21:29 | Research | Wheelbarrow |
| 21:34 | Build | Fish Trap |
| 21:40 | Build | Fish Trap |
| 21:45 | Create | Demolition Raft |
| 21:48 | Create | Villager (Male) |
| 21:52 | Build | House |
| 21:53 | Build | House |
| 21:55 | Build | House |
| 22:13 | Build | Fish Trap |
| 22:18 | Create | Villager (Male) |
| 22:19 | Create | Villager (Male) |
| 22:28 | Create | Villager (Male) |
| 22:28 | Create | Villager (Male) |
| 22:31 | Create | Villager (Male) |
| 22:40 | Build | Town Center |
| 22:50 | Create | Villager (Male) |
| 22:50 | Create | Villager (Male) |
| 22:51 | Create | Villager (Male) |
| 23:10 | Build | Town Center |
| 23:14 | Create | Villager (Male) |
| 23:15 | Create | Villager (Male) |
| 23:19 | Create | Fishing Ship |
| 23:19 | Create | Fishing Ship |
| 23:38 | Create | Villager (Male) |
| 23:38 | Create | Villager (Male) |
| 23:41 | Build | House |
Build order — SMashing_Basil
First 150 of 478 actions detected
| 0:01 | Create | Villager (Male) |
| 0:02 | Create | Villager (Male) |
| 0:03 | Build | House |
| 0:04 | Build | House |
| 0:24 | Create | Villager (Male) |
| 0:24 | Create | Villager (Male) |
| 0:25 | Create | Villager (Male) |
| 1:28 | Create | Villager (Male) |
| 1:28 | Create | Villager (Male) |
| 1:49 | Build | Lumber Camp |
| 1:54 | Create | Villager (Male) |
| 1:54 | Create | Villager (Male) |
| 2:29 | Create | Villager (Male) |
| 2:29 | Create | Villager (Male) |
| 3:02 | Create | Villager (Male) |
| 3:02 | Create | Villager (Male) |
| 3:08 | Build | House |
| 3:26 | Create | Villager (Male) |
| 3:35 | Create | Villager (Male) |
| 3:35 | Create | Villager (Male) |
| 4:21 | Research | Loom |
| 4:28 | Create | Villager (Male) |
| 4:29 | Create | Villager (Male) |
| 4:49 | Create | Villager (Male) |
| 4:50 | Create | Villager (Male) |
| 4:54 | Build | Mill |
| 4:57 | Create | Villager (Male) |
| 4:58 | Create | Villager (Male) |
| 5:12 | Create | Villager (Male) |
| 5:14 | Create | Villager (Male) |
| 5:22 | Build | House |
| 6:02 | Create | Villager (Male) |
| 6:02 | Create | Villager (Male) |
| 6:18 | Create | Villager (Male) |
| 6:18 | Create | Villager (Male) |
| 6:40 | Create | Villager (Male) |
| 6:49 | Create | Villager (Male) |
| 6:50 | Create | Villager (Male) |
| 7:00 | Build | Palisade Wall |
| 7:07 | Build | Palisade Wall |
| 7:14 | Create | Villager (Male) |
| 7:14 | Create | Villager (Male) |
| 7:27 | Build | Lumber Camp |
| 7:29 | Build | House |
| 7:31 | Create | Villager (Male) |
| 7:31 | Create | Villager (Male) |
| 8:05 | Create | Villager (Male) |
| 8:05 | Create | Villager (Male) |
| 8:19 | Build | House |
| 8:43 | Create | Villager (Male) |
| 9:07 | Create | Villager (Male) |
| 9:26 | Create | Villager (Male) |
| 9:52 | Build | Palisade Wall |
| 10:00 | Create | Villager (Male) |
| 10:02 | Research | Feudal Age |
| 10:07 | Build | Mining Camp |
| 10:20 | Build | Palisade Wall |
| 11:51 | Create | Villager (Male) |
| 11:51 | Create | Villager (Male) |
| 12:09 | Build | Palisade Wall |
| 12:35 | Age | Feudal Age |
| 12:38 | Build | Blacksmith |
| 12:42 | Build | Market |
| 12:56 | Research | Double-Bit Axe |
| 13:16 | Research | Horse Collar |
| 13:21 | Build | Farm |
| 13:33 | Research | Castle Age |
| 13:33 | Research | Castle Age |
| 14:21 | Build | Mining Camp |
| 15:50 | Create | Villager (Male) |
| 15:50 | Create | Villager (Male) |
| 15:51 | Create | Villager (Male) |
| 15:51 | Create | Villager (Male) |
| 15:56 | Build | House |
| 15:57 | Build | House |
| 15:57 | Build | House |
| 16:07 | Create | Villager (Male) |
| 16:13 | Age | Castle Age |
| 16:16 | Build | Town Center |
| 16:20 | Build | Town Center |
| 16:24 | Create | Villager (Male) |
| 16:26 | Research | Heavy Plow |
| 16:27 | Research | Bow Saw |
| 16:58 | Build | Farm |
| 17:00 | Build | Farm |
| 17:03 | Build | Farm |
| 17:06 | Build | Farm |
| 17:29 | Create | Villager (Male) |
| 17:29 | Create | Villager (Male) |
| 17:29 | Create | Villager (Male) |
| 17:33 | Build | Farm |
| 17:36 | Build | Farm |
| 17:43 | Create | Villager (Male) |
| 17:44 | Create | Villager (Male) |
| 17:44 | Create | Villager (Male) |
| 17:44 | Create | Villager (Male) |
| 17:50 | Build | Farm |
| 17:53 | Build | Farm |
| 18:04 | Research | Wheelbarrow |
| 18:07 | Create | Villager (Male) |
| 18:11 | Build | Farm |
| 18:16 | Build | Farm |
| 18:25 | Build | Farm |
| 18:30 | Build | Farm |
| 18:38 | Build | Farm |
| 18:43 | Build | Farm |
| 18:47 | Build | Farm |
| 18:49 | Create | Villager (Male) |
| 18:49 | Create | Villager (Male) |
| 18:51 | Create | Villager (Male) |
| 18:56 | Build | Farm |
| 19:01 | Build | Farm |
| 19:08 | Build | Farm |
| 19:14 | Build | House |
| 19:18 | Build | House |
| 19:22 | Create | Villager (Male) |
| 19:23 | Create | Villager (Male) |
| 19:25 | Create | Villager (Male) |
| 19:26 | Create | Villager (Male) |
| 19:32 | Build | Farm |
| 19:35 | Create | Villager (Male) |
| 19:42 | Build | Farm |
| 19:46 | Build | Farm |
| 19:51 | Create | Villager (Male) |
| 19:52 | Create | Villager (Male) |
| 19:53 | Create | Villager (Male) |
| 19:59 | Build | House |
| 20:00 | Build | House |
| 20:01 | Build | House |
| 20:07 | Build | Farm |
| 20:17 | Build | Farm |
| 20:20 | Build | Farm |
| 20:22 | Create | Villager (Male) |
| 20:22 | Create | Villager (Male) |
| 20:22 | Create | Villager (Male) |
| 20:23 | Create | Villager (Male) |
| 20:25 | Create | Villager (Male) |
| 20:25 | Create | Villager (Male) |
| 20:29 | Create | Villager (Male) |
| 20:44 | Create | Villager (Male) |
| 21:06 | Build | Farm |
| 21:11 | Build | Town Center |
| 21:17 | Research | Gold Mining |
| 21:18 | Create | Villager (Male) |
| 21:19 | Create | Villager (Male) |
| 21:20 | Create | Villager (Male) |
| 21:20 | Create | Villager (Male) |
| 21:21 | Create | Villager (Male) |
| 21:22 | Create | Villager (Male) |
| 21:24 | Create | Villager (Male) |
Build order — devilhunter2759
First 150 of 392 actions detected
| 0:02 | Build | House |
| 0:05 | Build | House |
| 0:07 | Research | Loom |
| 0:08 | Create | Villager (Male) ×4 |
| 0:08 | Create | Villager (Male) ×4 |
| 1:37 | Build | Palisade Wall |
| 1:46 | Build | Palisade Gate |
| 2:39 | Create | Villager (Male) |
| 2:40 | Create | Villager (Male) |
| 3:17 | Create | Villager (Male) |
| 3:17 | Create | Villager (Male) |
| 4:31 | Create | Villager (Male) |
| 4:31 | Create | Villager (Male) |
| 5:09 | Build | Palisade Wall |
| 5:17 | Build | Palisade Gate |
| 5:30 | Create | Villager (Male) |
| 5:31 | Create | Villager (Male) |
| 5:57 | Build | House |
| 6:04 | Create | Villager (Male) |
| 6:04 | Create | Villager (Male) |
| 6:24 | Create | Villager (Male) |
| 6:24 | Create | Villager (Male) |
| 7:00 | Create | Villager (Male) |
| 7:00 | Create | Villager (Male) |
| 7:32 | Create | Villager (Male) |
| 7:32 | Create | Villager (Male) |
| 8:45 | Create | Villager (Male) ×3 |
| 8:46 | Create | Villager (Male) ×3 |
| 8:53 | Build | Lumber Camp |
| 9:31 | Build | House |
| 9:32 | Build | House |
| 9:37 | Create | Villager (Male) ×4 |
| 9:37 | Create | Villager (Male) ×4 |
| 10:32 | Build | House |
| 10:53 | Create | Villager (Male) |
| 10:53 | Create | Villager (Male) ×5 |
| 10:53 | Create | Villager (Male) ×5 |
| 11:48 | Build | Mill |
| 11:53 | Create | Villager (Male) |
| 12:47 | Build | Mill |
| 12:56 | Create | Villager (Male) ×5 |
| 14:03 | Create | Villager (Male) |
| 14:20 | Build | Dock |
| 14:35 | Create | Villager (Male) |
| 14:35 | Create | Villager (Male) |
| 14:53 | Build | Lumber Camp |
| 15:02 | Research | Feudal Age |
| 15:12 | Build | House |
| 15:14 | Build | House |
| 15:16 | Build | House |
| 15:37 | Build | Palisade Wall |
| 16:06 | Build | Farm |
| 16:07 | Build | Farm |
| 16:08 | Build | Farm |
| 16:27 | Build | Palisade Wall |
| 16:32 | Create | Fishing Ship |
| 16:33 | Create | Fishing Ship |
| 16:36 | Create | Villager (Male) |
| 16:36 | Create | Villager (Male) |
| 16:37 | Create | Villager (Male) |
| 16:55 | Build | Palisade Wall |
| 17:11 | Build | Palisade Wall |
| 17:48 | Build | Market |
| 17:55 | Build | Blacksmith |
| 18:15 | Build | Stone Wall |
| 18:20 | Build | Gate |
| 18:25 | Create | Villager (Male) |
| 18:30 | Create | Fishing Ship ×3 |
| 18:35 | Build | House |
| 18:38 | Build | Farm |
| 19:09 | Build | Farm |
| 19:53 | Research | Castle Age |
| 20:02 | Research | Horse Collar |
| 20:02 | Research | Horse Collar |
| 20:07 | Create | Fishing Ship |
| 20:07 | Create | Fishing Ship |
| 20:54 | Create | Fishing Ship |
| 20:54 | Create | Fishing Ship |
| 21:09 | Build | House |
| 21:10 | Build | House |
| 21:25 | Build | Farm |
| 21:26 | Build | Farm |
| 21:26 | Build | Farm |
| 21:27 | Build | Farm |
| 21:28 | Build | Farm |
| 21:48 | Build | Farm |
| 21:50 | Build | Farm |
| 21:53 | Build | Farm |
| 21:59 | Research | Double-Bit Axe |
| 22:25 | Build | House |
| 22:26 | Build | House |
| 22:30 | Create | Villager (Male) ×4 |
| 22:42 | Build | Fish Trap |
| 22:47 | Build | Fish Trap |
| 22:51 | Build | Fish Trap |
| 22:55 | Build | Fish Trap |
| 23:05 | Build | Town Center |
| 23:27 | Research | Heavy Plow |
| 23:40 | Research | Bow Saw |
| 23:48 | Build | Fish Trap |
| 23:53 | Build | Fish Trap |
| 23:58 | Build | Fish Trap |
| 24:02 | Create | Villager (Male) |
| 24:30 | Create | Villager (Male) |
| 24:31 | Create | Villager (Male) |
| 24:40 | Build | Mining Camp |
| 24:44 | Create | Villager (Male) |
| 24:44 | Create | Villager (Male) |
| 24:52 | Build | Siege Workshop |
| 24:57 | Create | Villager (Male) ×3 |
| 25:19 | Research | Tech 906 |
| 25:40 | Build | Farm |
| 25:50 | Build | Town Center |
| 25:57 | Build | Fish Trap |
| 26:01 | Build | Fish Trap |
| 26:02 | Research | Gillnets |
| 26:05 | Create | Villager (Male) |
| 26:05 | Create | Villager (Male) |
| 26:11 | Build | House |
| 26:12 | Build | House |
| 26:12 | Build | House |
| 26:12 | Build | House |
| 26:13 | Build | House |
| 26:14 | Build | House |
| 26:20 | Create | Villager (Male) |
| 26:20 | Create | Villager (Male) |
| 26:22 | Create | Villager (Male) |
| 26:22 | Create | Villager (Male) |
| 26:43 | Create | Villager (Male) |
| 26:51 | Build | Town Center |
| 26:59 | Build | Farm |
| 27:00 | Build | Farm |
| 27:03 | Build | Farm |
| 27:09 | Create | Mangonel |
| 27:13 | Create | Villager (Male) |
| 27:14 | Create | Villager (Male) |
| 27:14 | Create | Villager (Male) |
| 27:15 | Create | Villager (Male) |
| 27:20 | Build | House |
| 27:20 | Build | House |
| 27:21 | Build | House |
| 27:21 | Build | House |
| 27:21 | Build | House |
| 27:22 | Build | House |
| 27:23 | Build | House |
| 27:24 | Build | House |
| 27:27 | Build | House |
| 27:37 | Build | House |
| 27:38 | Build | House |
| 27:39 | Build | House |
Build order — Gorkhali
First 150 of 392 actions detected
| 0:03 | Build | House |
| 0:04 | Build | House |
| 0:06 | Create | Villager (Male) ×4 |
| 1:35 | Create | Villager (Male) |
| 1:52 | Build | House |
| 1:56 | Build | Lumber Camp |
| 2:00 | Create | Villager (Male) |
| 2:32 | Create | Villager (Male) |
| 2:57 | Create | Villager (Male) |
| 3:23 | Create | Villager (Male) |
| 3:48 | Create | Villager (Male) |
| 4:30 | Create | Villager (Male) |
| 4:43 | Build | Dock |
| 4:47 | Create | Villager (Male) |
| 5:00 | Create | Villager (Male) |
| 5:18 | Build | House |
| 5:19 | Build | House |
| 5:22 | Create | Villager (Male) |
| 5:35 | Create | Fishing Ship |
| 6:00 | Create | Villager (Male) |
| 6:05 | Create | Villager (Male) |
| 6:07 | Create | Fishing Ship |
| 6:32 | Create | Villager (Male) |
| 6:37 | Create | Fishing Ship |
| 7:10 | Create | Villager (Male) |
| 7:23 | Create | Villager (Male) |
| 7:35 | Build | Mill |
| 7:40 | Create | Fishing Ship |
| 7:45 | Create | Villager (Male) |
| 8:35 | Create | Villager (Male) |
| 9:00 | Research | Feudal Age |
| 9:18 | Create | Fishing Ship |
| 9:19 | Create | Fishing Ship |
| 9:25 | Build | House |
| 11:06 | Create | Villager (Male) |
| 11:06 | Create | Villager (Male) |
| 11:15 | Age | Feudal Age |
| 11:25 | Build | Market |
| 11:28 | Build | Blacksmith |
| 12:09 | Create | Villager (Male) |
| 12:27 | Create | Villager (Male) |
| 12:36 | Research | Castle Age |
| 12:36 | Research | Castle Age |
| 13:17 | Build | Palisade Wall |
| 13:38 | Build | Fish Trap |
| 13:41 | Build | Fish Trap |
| 13:46 | Build | Fish Trap |
| 13:58 | Build | House |
| 14:14 | Build | Mining Camp |
| 14:25 | Build | Fish Trap |
| 14:48 | Build | Fish Trap |
| 15:08 | Build | Fish Trap |
| 15:12 | Create | Villager (Male) ×5 |
| 15:16 | Age | Castle Age |
| 15:56 | Build | Town Center |
| 17:08 | Create | Villager (Male) |
| 17:08 | Create | Villager (Male) |
| 17:14 | Build | Town Center |
| 17:30 | Research | Double-Bit Axe |
| 17:51 | Create | Villager (Male) |
| 17:52 | Create | Villager (Male) |
| 17:53 | Create | Villager (Male) |
| 18:00 | Research | Bow Saw |
| 18:04 | Research | Horse Collar |
| 18:12 | Create | Fishing Ship |
| 18:29 | Create | Villager (Male) |
| 18:29 | Create | Villager (Male) |
| 18:32 | Research | Horse Collar |
| 18:34 | Create | Villager (Male) |
| 18:35 | Create | Villager (Male) |
| 18:36 | Create | Villager (Male) |
| 18:40 | Create | Fishing Ship |
| 18:44 | Build | Fish Trap |
| 18:45 | Build | Fish Trap |
| 18:46 | Build | Fish Trap |
| 18:52 | Create | Villager (Male) |
| 18:53 | Create | Villager (Male) |
| 18:58 | Build | House |
| 18:59 | Build | House |
| 19:00 | Build | House |
| 19:02 | Create | Villager (Male) |
| 19:09 | Research | Heavy Plow |
| 19:18 | Build | Monastery |
| 19:25 | Research | Wheelbarrow |
| 19:34 | Build | Farm |
| 19:37 | Build | Farm |
| 19:39 | Build | Farm |
| 19:40 | Build | Farm |
| 19:45 | Build | Fish Trap |
| 19:48 | Create | Villager (Male) |
| 19:50 | Create | Villager (Male) |
| 19:54 | Research | Gold Mining |
| 20:07 | Build | Farm |
| 20:13 | Create | Monk |
| 20:19 | Create | Villager (Male) |
| 20:20 | Create | Villager (Male) |
| 20:21 | Create | Villager (Male) |
| 20:27 | Build | Farm |
| 20:28 | Build | Farm |
| 20:29 | Build | Farm |
| 20:31 | Build | Farm |
| 20:35 | Build | Farm |
| 20:41 | Research | Tech 906 |
| 20:43 | Create | Villager (Male) |
| 20:44 | Create | Villager (Male) |
| 21:05 | Research | Hand Cart |
| 21:19 | Build | Farm |
| 21:21 | Build | Farm |
| 21:22 | Build | Farm |
| 21:23 | Build | Farm |
| 21:24 | Build | Farm |
| 21:25 | Build | Farm |
| 21:26 | Build | Farm |
| 21:27 | Build | Farm |
| 21:29 | Create | Villager (Male) |
| 21:29 | Create | Villager (Male) |
| 21:35 | Build | Farm |
| 21:43 | Create | Monk |
| 21:49 | Create | Villager (Male) |
| 21:49 | Create | Villager (Male) |
| 21:50 | Create | Villager (Male) |
| 21:59 | Build | Farm |
| 22:00 | Build | Farm |
| 22:05 | Build | Farm |
| 22:10 | Build | Farm |
| 22:17 | Create | Villager (Male) |
| 22:22 | Build | Farm |
| 22:23 | Build | Farm |
| 22:24 | Build | Farm |
| 22:28 | Build | House |
| 22:29 | Build | House |
| 22:29 | Build | House |
| 22:29 | Build | House |
| 22:29 | Build | House |
| 22:30 | Build | House |
| 22:31 | Build | House |
| 22:31 | Build | House |
| 22:31 | Build | House |
| 22:32 | Build | House |
| 22:32 | Build | House |
| 22:35 | Create | Villager (Male) |
| 22:36 | Create | Villager (Male) |
| 22:48 | Research | Gillnets |
| 23:00 | Build | Farm |
| 23:04 | Create | Villager (Male) |
| 23:05 | Create | Villager (Male) |
| 23:06 | Create | Villager (Male) |
| 23:21 | Build | Dock |
| 23:28 | Build | Mining Camp |
| 23:31 | Create | Villager (Male) |
Build order — I'mNotRookie
First 150 of 168 actions detected
| 0:10 | Build | House |
| 0:14 | Build | Mill |
| 0:41 | Create | Villager (Male) ×4 |
| 0:41 | Create | Villager (Male) ×4 |
| 1:26 | Build | Palisade Wall |
| 2:06 | Research | Loom |
| 2:07 | Create | Villager (Male) |
| 2:55 | Build | Palisade Wall |
| 2:58 | Build | Palisade Gate |
| 3:27 | Create | Villager (Male) |
| 3:44 | Create | Villager (Male) |
| 4:12 | Create | Villager (Male) |
| 4:27 | Build | House |
| 4:37 | Build | House |
| 5:24 | Create | Villager (Male) |
| 6:06 | Create | Villager (Male) |
| 6:33 | Create | Villager (Male) |
| 7:15 | Create | Villager (Male) ×2 |
| 8:13 | Build | Palisade Wall |
| 8:25 | Create | Villager (Male) |
| 8:26 | Create | Villager (Male) |
| 8:49 | Build | Palisade Wall |
| 8:49 | Build | Palisade Wall |
| 8:50 | Build | Palisade Wall |
| 8:50 | Build | Palisade Wall |
| 8:51 | Build | Palisade Wall |
| 8:52 | Build | Palisade Wall |
| 8:54 | Build | Palisade Wall |
| 8:55 | Build | Palisade Wall |
| 10:39 | Build | Mining Camp |
| 11:04 | Research | Feudal Age |
| 11:20 | Create | Villager (Male) ×3 |
| 11:28 | Build | Lumber Camp |
| 11:57 | Build | House |
| 12:00 | Build | House |
| 12:10 | Create | Villager (Male) |
| 12:49 | Build | Dock |
| 13:14 | Age | Feudal Age |
| 13:20 | Build | Watch Tower |
| 13:39 | Build | Stone Wall |
| 13:41 | Build | Stone Wall |
| 13:42 | Build | Stone Wall |
| 14:01 | Build | Barracks |
| 14:41 | Create | Fishing Ship |
| 14:41 | Create | Fishing Ship |
| 14:49 | Create | Militia |
| 14:49 | Create | Militia |
| 15:05 | Create | Fishing Ship |
| 15:20 | Create | Spearman |
| 15:50 | Create | Spearman |
| 16:15 | Create | Villager (Male) ×2 |
| 16:43 | Build | Watch Tower |
| 16:59 | Create | Villager (Male) |
| 17:01 | Build | House |
| 17:06 | Build | Market |
| 17:26 | Build | Farm |
| 17:27 | Build | Farm |
| 17:45 | Build | Watch Tower |
| 18:07 | Build | Stone Wall |
| 18:11 | Build | Gate |
| 18:22 | Create | Fishing Ship |
| 18:33 | Build | Blacksmith |
| 20:59 | Create | Fishing Ship |
| 21:53 | Research | Castle Age |
| 22:06 | Create | Trade Cart |
| 22:08 | Create | Trade Cart |
| 22:15 | Build | House |
| 22:16 | Build | House |
| 22:32 | Build | Stable |
| 23:00 | Create | Villager (Male) ×2 |
| 23:34 | Build | Mill |
| 23:45 | Create | Villager (Male) ×2 |
| 23:51 | Build | Fish Trap |
| 24:33 | Age | Castle Age |
| 24:34 | Create | Villager (Male) ×2 |
| 25:25 | Create | Villager (Male) |
| 26:46 | Research | Double-Bit Axe |
| 27:46 | Create | Villager (Male) ×5 |
| 28:29 | Build | Town Center |
| 28:47 | Build | Gate |
| 29:04 | Create | Scout Cavalry |
| 29:11 | Build | Farm |
| 29:14 | Build | Fish Trap |
| 29:25 | Build | House |
| 29:58 | Build | Farm |
| 30:01 | Build | Farm |
| 30:02 | Build | Farm |
| 30:04 | Build | Farm |
| 30:43 | Build | Town Center |
| 31:21 | Build | Farm |
| 31:21 | Build | Farm |
| 31:22 | Build | Farm |
| 31:22 | Build | Farm |
| 31:22 | Build | Farm |
| 31:22 | Build | Farm |
| 31:23 | Build | Farm |
| 31:23 | Build | Farm |
| 31:31 | Create | Villager (Male) ×5 |
| 31:44 | Build | Fish Trap |
| 32:14 | Build | Farm |
| 32:15 | Build | Farm |
| 32:15 | Build | Farm |
| 32:15 | Build | Farm |
| 32:15 | Build | Farm |
| 32:16 | Build | Farm |
| 32:16 | Build | Farm |
| 32:16 | Build | Farm |
| 32:17 | Build | Farm |
| 32:17 | Build | Farm |
| 32:17 | Build | Farm |
| 32:18 | Build | Farm |
| 32:31 | Build | Castle |
| 33:03 | Build | Castle |
| 33:13 | Build | Stone Wall |
| 33:13 | Build | Stone Wall |
| 33:14 | Build | Stone Wall |
| 33:14 | Build | Stone Wall |
| 33:20 | Build | Stone Wall |
| 33:20 | Build | Stone Wall |
| 33:20 | Build | Stone Wall |
| 33:21 | Build | Stone Wall |
| 33:21 | Build | Stone Wall |
| 33:21 | Build | Stone Wall |
| 34:32 | Research | Imperial Age |
| 34:36 | Create | Villager (Male) |
| 34:36 | Create | Villager (Male) |
| 34:56 | Create | Camel Archer |
| 34:56 | Create | Camel Archer |
| 34:56 | Create | Camel Archer |
| 34:56 | Create | Camel Archer |
| 35:39 | Build | Farm |
| 35:40 | Build | Farm |
| 35:40 | Build | Farm |
| 35:44 | Create | Villager (Male) ×5 |
| 35:45 | Create | Villager (Male) ×5 |
| 35:45 | Create | Villager (Male) ×2 |
| 36:14 | Create | Camel Archer |
| 36:14 | Create | Camel Archer |
| 36:44 | Create | Camel Archer ×2 |
| 36:54 | Build | Mining Camp |
| 37:04 | Create | Villager (Male) ×5 |
| 37:04 | Create | Villager (Male) ×5 |
| 37:42 | Age | Imperial Age |
| 38:23 | Create | Trebuchet (Packed) |
| 38:43 | Create | Camel Archer ×3 |
| 38:49 | Build | Castle |
| 39:01 | Create | Villager (Male) ×5 |
| 39:01 | Create | Villager (Male) ×5 |
| 39:01 | Create | Villager (Male) ×5 |
| 40:00 | Create | Camel Archer ×5 |
Match timeline
| 0:20 | PUHERCULES · wall_segment Palisade Wall x15 |
| 1:21 | PUHERCULES · wall_segment Palisade Wall x1 |
| 1:26 | I'mNotRookie · wall_segment Palisade Wall x13 |
| 1:37 | devilhunter2759 · wall_segment Palisade Wall x9 |
| 1:59 | Eloy · wall_segment Palisade Wall x16 |
| 2:35 | Eloy · wall_segment Palisade Wall x25 |
| 2:55 | I'mNotRookie · wall_segment Palisade Wall x8 |
| 3:45 | Eloy · wall_segment Palisade Wall x5 |
| 4:43 | Gorkhali · first_building Dock |
| 5:09 | devilhunter2759 · wall_segment Palisade Wall x11 |
| 5:37 | Eloy · wall_segment Palisade Wall x9 |
| 5:39 | |CidCampeador| · first_building Dock |
| 6:37 | Eloy · wall_segment Palisade Wall x1 |
| 7:00 | SMashing_Basil · wall_segment Palisade Wall x1 |
| 7:01 | Eloy · first_building Dock |
| 7:07 | SMashing_Basil · wall_segment Palisade Wall x4 |
| 7:48 | John · wall_segment Palisade Wall x10 |
| 8:13 | I'mNotRookie · wall_segment Palisade Wall x9 |
| 8:49 | I'mNotRookie · wall_segment Palisade Wall x1 |
| 8:49 | I'mNotRookie · wall_segment Palisade Wall x1 |
| 8:50 | I'mNotRookie · wall_segment Palisade Wall x1 |
| 8:50 | I'mNotRookie · wall_segment Palisade Wall x1 |
| 8:51 | I'mNotRookie · wall_segment Palisade Wall x1 |
| 8:52 | I'mNotRookie · wall_segment Palisade Wall x1 |
| 8:54 | I'mNotRookie · wall_segment Palisade Wall x1 |
| 8:55 | I'mNotRookie · wall_segment Palisade Wall x1 |
| 9:52 | SMashing_Basil · wall_segment Palisade Wall x1 |
| 10:20 | SMashing_Basil · wall_segment Palisade Wall x9 |
| 11:15 | Gorkhali · age_up feudal |
| 11:43 | John · age_up feudal |
| 12:09 | SMashing_Basil · wall_segment Palisade Wall x9 |
| 12:10 | Eloy · age_up feudal |
| 12:12 | Gorkhali · first_market_sell 100 wood |
| 12:35 | SMashing_Basil · age_up feudal |
| 12:49 | I'mNotRookie · first_building Dock |
| 13:14 | I'mNotRookie · age_up feudal |
| 13:17 | Gorkhali · wall_segment Palisade Wall x11 |
| 13:31 | |CidCampeador| · age_up feudal |
| 13:39 | I'mNotRookie · wall_segment Stone Wall x10 |
| 13:41 | I'mNotRookie · wall_segment Stone Wall x1 |
| 13:42 | I'mNotRookie · wall_segment Stone Wall x1 |
| 14:01 | I'mNotRookie · first_building Barracks |
| 14:20 | devilhunter2759 · first_building Dock |
| 14:25 | PUHERCULES · age_up feudal |
| 14:46 | PUHERCULES · wall_segment Stone Wall x15 |
| 15:16 | Gorkhali · age_up castle |
| 15:37 | devilhunter2759 · wall_segment Palisade Wall x8 |
| 16:13 | SMashing_Basil · age_up castle |
| 16:27 | devilhunter2759 · wall_segment Palisade Wall x7 |
| 16:53 | |CidCampeador| · first_market_buy 100 wood |
| 16:55 | devilhunter2759 · wall_segment Palisade Wall x1 |
| 17:06 | |CidCampeador| · age_up castle |
| 17:07 | John · first_market_buy 100 food |
| 17:11 | devilhunter2759 · wall_segment Palisade Wall x8 |
| 17:12 | John · first_market_sell 100 wood |
| 17:45 | Eloy · age_up castle |
| 18:07 | I'mNotRookie · wall_segment Stone Wall x12 |
| 18:15 | devilhunter2759 · wall_segment Stone Wall x9 |
| 18:26 | |CidCampeador| · first_building Monastery |
| 19:01 | devilhunter2759 · first_market_sell 100 food |
| 19:18 | Gorkhali · first_building Monastery |
| 19:36 | PUHERCULES · age_up castle |
| 20:01 | John · age_up castle |
| 20:12 | PUHERCULES · first_building Castle |
| 20:17 | I'mNotRookie · first_market_sell 100 wood |
| 21:22 | Eloy · first_building Castle |
| 21:30 | PUHERCULES · first_building Barracks |
| 22:05 | SMashing_Basil · first_building Monastery |
| 22:32 | I'mNotRookie · first_building Stable |
| 22:46 | Eloy · wall_segment Stone Wall x22 |
| 24:15 | SMashing_Basil · first_building Barracks |
| 24:21 | John · first_building Dock |
| 24:33 | I'mNotRookie · age_up castle |
| 24:47 | PUHERCULES · first_building Archery Range |
| 24:52 | devilhunter2759 · first_building Siege Workshop |
| 25:25 | SMashing_Basil · first_building Castle |
| 26:29 | Gorkhali · first_building Siege Workshop |
| 26:32 | John · wall_segment Stone Wall x8 |
| 26:44 | Eloy · first_building Barracks |
| 27:26 | Gorkhali · first_building Barracks |
| 27:56 | Eloy · first_building Archery Range |
| 28:23 | Gorkhali · first_building Archery Range |
| 28:34 | Eloy · first_market_sell 100 wood |
| 29:01 | SMashing_Basil · first_building Siege Workshop |
| 29:30 | Gorkhali · age_up imperial |
| 30:02 | John · first_building Castle |
| 30:15 | John · first_building Barracks |
| 30:16 | SMashing_Basil · age_up imperial |
| 30:18 | |CidCampeador| · first_building Castle |
| 30:27 | devilhunter2759 · first_building Barracks |
| 30:52 | John · first_building Monastery |
| 31:09 | PUHERCULES · first_building Stable |
| 31:31 | Eloy · age_up imperial |
| 31:44 | John · first_building Stable |
| 31:56 | Eloy · wall_segment Stone Wall x9 |
| 31:57 | |CidCampeador| · first_building Barracks |
| 32:13 | devilhunter2759 · first_building Monastery |
| 32:19 | PUHERCULES · age_up imperial |
| 32:31 | I'mNotRookie · first_building Castle |
| 32:39 | devilhunter2759 · wall_segment Stone Wall x12 |
| 32:57 | PUHERCULES · first_building Siege Workshop |
| 32:58 | |CidCampeador| · first_building Archery Range |
| 33:04 | Gorkhali · wall_segment Stone Wall x12 |
| 33:07 | |CidCampeador| · age_up imperial |
| 33:13 | I'mNotRookie · wall_segment Stone Wall x1 |
| 33:13 | I'mNotRookie · wall_segment Stone Wall x2 |
| 33:14 | I'mNotRookie · wall_segment Stone Wall x1 |
| 33:14 | I'mNotRookie · wall_segment Stone Wall x1 |
| 33:20 | I'mNotRookie · wall_segment Stone Wall x1 |
| 33:20 | I'mNotRookie · wall_segment Stone Wall x1 |
| 33:20 | I'mNotRookie · wall_segment Stone Wall x1 |
| 33:21 | I'mNotRookie · wall_segment Stone Wall x2 |
| 33:21 | I'mNotRookie · wall_segment Stone Wall x1 |
| 33:21 | I'mNotRookie · wall_segment Stone Wall x1 |
| 33:25 | SMashing_Basil · first_market_sell 100 wood |
| 33:33 | Gorkhali · wall_segment Stone Wall x8 |
| 34:29 | I'mNotRookie · first_market_buy 100 food |
| 34:36 | |CidCampeador| · first_building Stable |
| 34:37 | Gorkhali · wall_segment Stone Wall x8 |
| 34:49 | devilhunter2759 · wall_segment Stone Wall x6 |
| 35:32 | |CidCampeador| · first_market_sell 100 food |
| 35:42 | Gorkhali · first_building Castle |
| 36:08 | devilhunter2759 · wall_segment Stone Wall x4 |
| 36:36 | John · age_up imperial |
| 37:42 | I'mNotRookie · age_up imperial |
| 39:01 | |CidCampeador| · first_building Siege Workshop |
| 39:44 | devilhunter2759 · first_building Archery Range |
| 40:16 | Eloy · resign |
| 40:22 | I'mNotRookie · wall_segment Stone Wall x13 |
| 42:38 | SMashing_Basil · first_market_buy 100 food |
[ AI ANALYSIS · 1 CREDIT ]
What really happened in this match?
Wolo.gg analyzes every decision: build order, eco, micro, common mistakes by bracket. Personalized analysis on WhatsApp or Discord in 30 seconds.
Civ guide
Teutons
Perfil
John